AoeStats
← Spieler1237765

Nomad

510389847Analyzed
2v2 RM · 1d ago on Sep 30, 2026· 27m 10s· 4 players
Game mode
Random Map
Map size
176×176
Population
200
Speed
Normal
Resources
Standard
Victory
Conquest
Starting age
Dark Age
Ending age
Imperial Age
RankedLock teamsTeams togetherTeam positionsShared explorationLock speedFull tech treeHidden civsTurbo modeCheats
Victory
Defeat
866
+15
🇵🇪 Varangians · Peru
865
+15
🇩🇪 Ethiopians · Germany
878
-45
🇩🇪 Franks · Germany
828
-37
Glatzlord
12:16 Loom
17:43 Feudal Age
19:38 Double-Bit Axe
22:02 Wheelbarrow
Spieler1237765
20:56 Feudal Age
21:06 Feudal Age
max_lxvi
14:29 Feudal Age
19:18 Castle Age
25:24 Wheelbarrow
24:35 Double-Bit Axe
24:33 Horse Collar
-(-0-0-)-+(,_o)+$(*^_^*)$
3:35 Loom
18:24 Feudal Age
21:17 Double-Bit Axe
29:32 Castle Age
Connection lost

Rejoining the realm…

Still unreachable

The connection could not be restored.

Session expired

The server has moved on; the page needs a fresh start.